 Dungeon Crawl Stone Soup version 0.29.1-12-g30fa7ad0bf (webtiles) character file.

Game seed: 7380476102265981722

57630 croobank the Spry (level 14, -12/163 HPs)
             Began as a Felid Summoner on Dec 12, 2022.
             Was an Initiate of Gozag.
             Mangled by a tarantella (13 damage)
             ... while paralysed
             ... on level 4 of the Spider Nest on Dec 13, 2022.
             The game lasted 04:50:55 (53457 turns).

croobank the Spry (Felid Summoner)                 Turns: 53457, Time: 04:50:55

Health: -12/163    AC: 27    Str:  0 (4)  XL:     14   Next: 46%
Magic:  0/31       EV:  4    Int: 16      God:    Gozag
Gold:   1490       SH:  0    Dex: 21 (23) Spells: 3/37 levels left
                                        Lives:  0   Deaths: 3

rFire   . . .      SeeInvis +   (weapon unavailable)
rCold   . . .      Faith    .   (shield unavailable)
rNeg    . . .      Spirit   .   (body armour unavailable)
rPois   +          Reflect  .   (helmet unavailable)
rElec   +          Harm     .   (cloak unavailable)
rCorr   +          Rampage  .   (gloves unavailable)
Will    ++...      NoTele   +   (boots unavailable)
Stlth   ..........              e - amulet "Wech" {RegenMP rElec Int-5 Dex+6 Stlth+}
HPRegen 0.00/turn               S - ring of resist corrosion
MPRegen 0.62/turn               K - ring of poison resistance

@: paralysed, mighty, berserking, sluggish, tree-form, inhibited regen, hasted
and slowed, lost strength, very slow
A: stationary, stasis, torment immunity, boosted hp, very small, (claws 1),
(fangs 3), see invisible, (speed 1), (shaggy fur 3), (stealthy paws), no weapons
or thrown items, no armour, multi-lived
a: Renounce Religion, Potion Petition, Call Merchant, Bribe Branch


You were on level 4 of the Spider Nest.
You worshipped Gozag.
Gozag was most pleased with you.
You were a tree.
You visited 5 branches of the dungeon, and saw 27 of its levels.
You also visited: Ossuary and Ice Cave.

You collected 8361 gold pieces.
You spent 2905 gold pieces at shops.
You paid 3966 gold pieces to Gozag.

Inventory:

Jewellery
 e - the amulet "Wech" (around neck) {RegenMP rElec Int-5 Dex+6 Stlth+}
   (You acquired it on level 2 of the Orcish Mines)

   [amulet of magic regeneration]

   It increases your rate of magic regeneration.
   Int:       It affects your intelligence (-5).
   Dex:       It affects your dexterity (+6).
   rElec:     It insulates you from electricity.
   Stlth:     It makes you more stealthy.
 h - a +4 ring of protection
 l - an amulet of regeneration
 m - a ring of magical power
 r - a +4 ring of evasion
 u - an amulet of guardian spirit
 G - a ring of fire
 H - a +6 ring of dexterity
 J - a ring of protection from cold
 K - a ring of poison resistance (right branch)
 M - a +6 ring of intelligence
 N - a +4 ring of protection
 O - a ring of wizardry
 P - a +6 ring of intelligence
 S - a ring of resist corrosion (left branch)
Wands
 b - a wand of polymorph (19)
 z - a wand of flame (18)
 E - a wand of charming (17)
Scrolls
 i - 14 scrolls of teleportation
 j - 8 scrolls of identify
 q - 3 scrolls of immolation
 t - a scroll of magic mapping
 v - 5 scrolls of vulnerability
 w - 2 scrolls of poison
 y - 9 scrolls of fog
 F - a scroll of summoning
Potions
 a - 5 potions of might
 d - 4 potions of haste
 f - 8 potions of flight
 k - 11 potions of curing
 n - 5 potions of berserk rage
 o - 3 potions of mutation
 p - 5 potions of lignification
 s - 3 potions of ambrosia
 x - 2 potions of attraction
 B - 2 potions of magic
 I - 2 potions of resistance
 R - a potion of cancellation
Miscellaneous
 C - a tin of tremorstones (inert)
 D - a phantom mirror (inert)
 Q - a condenser vane (inert)


   Skills:
 - Level 15.0 Fighting
 + Level 18.7 Dodging
 - Level 3.4 Stealth
 + Level 12.0 Spellcasting
 + Level 3.1 Conjurations
 - Level 5.0 Hexes
 + Level 10.0 Summonings
 + Level 13.5 Translocations
 + Level 10.6 Transmutations
 - Level 7.0 Air Magic
 + Level 3.0 Earth Magic


You had 3 spell levels left.
You knew the following spells:

 Your Spells              Type           Power      Damage    Failure   Level
a - Summon Small Mammal   Summ           100%       N/A       1%          1
b - Call Imp              Summ           41%        N/A       1%          2
c - Call Canine Familiar  Summ           41%        N/A       1%          3
d - Summon Guardian Gole  Hex/Summ       33%        N/A       1%          3
e - Summon Lightning Spi  Summ/Air       36%        N/A       2%          4
f - Tukima's Dance        Hex            25%        N/A       2%          3
g - Swiftness             Air            32%        N/A       1%          3
h - Mephitic Cloud        Conj/Pois/Air  20%        N/A       5%          3
i - Ignite Poison         Fire/Tmut/Pois 20%        N/A       5%          3
j - Iskenderun's Mystic   Conj/Tloc      36%        2d9       2%          4
k - Blink                 Tloc           100%       N/A       1%          2
l - Stone Arrow           Conj/Erth      38%        3d9       6%          3

Your spell library contained the following spells:

 Spells                   Type           Power      Damage    Failure   Level
 Sandblast                Erth           38%        2d10      1%          1
 Passwall                 Tmut/Erth      25%        N/A       1%          2
 Lesser Beckoning         Tloc           52%        N/A       1%          3
 Poisonous Vapours        Pois/Air       40%        N/A       2%          2
 Ensorcelled Hibernation  Hex/Ice        34%        N/A       4%          2
 Freeze                   Ice            36%        1d6       8%          1
 Necrotise                Necr           36%        1d5       8%          1
 Conjure Flame            Conj/Fire      14%        6-21      12%         3
 Frozen Ramparts          Ice            18%        1d3       22%         3
 Vampiric Draining        Necr           9%         2d6       22%         3
 Passage of Golubria      Tloc           52%        N/A       1%          4
 Manifold Assault         Tloc           52%        N/A       1%          5
 Summon Forest            Summ/Tloc      23%        N/A       1%          5
 Blade Hands              Tmut           21%        N/A       2%          5
 Yara's Violent Unravell  Hex/Tmut       17%        3d8       9%          5
 Summon Ice Beast         Ice/Summ       25%        N/A       10%         4
 Summon Mana Viper        Hex/Summ       33%        N/A       10%         5
 Irradiate                Conj/Tmut      15%        3d16      12%         5
 Fulminant Prism          Conj/Hex       11%        3d9       14%         4
 Leda's Liquefaction      Hex/Erth       11%        N/A       14%         4
 Hailstorm                Conj/Ice       14%        3d5       36%         4
 Sticky Flame             Conj/Fire      14%        2d4       36%         4
 Freezing Cloud           Conj/Ice/Air   10%        6-21      45%         5
 Lee's Rapid Deconstruct  Erth           9%         3d8*      50%         5
 Dragon Form              Tmut           21%        N/A       63%         7
 Summon Hydra             Summ           20%        N/A       71%         7
 Eringya's Noxious Bog    Tmut/Pois      13%        N/A       78%         6
 Storm Form               Tmut/Air       18%        N/A       86%         7
 Agony                    Necr           9%         N/A       90%         5
 Spellforged Servitor     Conj/Summ      15%        N/A       99%         7
 Orb of Destruction       Conj           9%         9d6       100%        7
 Maxwell's Capacitive Co  Air            16%        ∞         100%        8
 Portal Projectile        Hex/Tloc       Unusable   N/A       N/A         3
 Corpse Rot               Necr/Pois/Air  Unusable   N/A       N/A         4

Dungeon Overview and Level Annotations

Branches:
Dungeon (15/15)            Temple (1/1) D:7            Lair (5/5) D:11
 Shoals (0/4) Lair:2       Spider (4/4) Lair:3        Slime (0/5) Lair:4
    Orc (2/2) D:10            Elf (0/3) Orc:2        Vaults (0/5) D:14
 Depths (0/4) D:15        Ossuary (visited)           IceCv (visited)

Altars:
Ashenzari
Cheibriados
Dithmenos
Elyvilon
Fedhas
Gozag
Hepliaklqana
Kikubaaqudgha
Makhleb
Nemelex Xobeh
Okawaru
Qazlal
Ru
Sif Muna
Trog
Uskayaw
Vehumet
Wu Jian
Xom
Yredelemnul
Zin
The Shining One

Shops:
D:6 (   Orc:2 ?*:[   Lair:1 =   Spider:1 ::

Annotations:
D:10 1 transporter
Orc:2 1 runed translucent door, zeram's ghost, journeyman SpBr


Innate Abilities, Weirdness & Mutations

You are a tree.
Your roots penetrate the ground, keeping you stationary.
You cannot be teleported.
You are immune to unholy pain and torment.
Your maximum health is greatly increased.
((You have sharp claws.))
((You have razor-sharp teeth.))
You have supernaturally acute eyesight. (SInv)
((You cover ground quickly. (Speed+)))
((Your thick and shaggy fur keeps you warm. (AC +3, rC+)))
((Your paws help you pounce on unaware monsters.))
You are incapable of wielding weapons or throwing items.
You cannot wear armour.
You gain extra lives every three experience levels.


Message History

You feel weakened.
You barely miss the ghost moth.
The ghost moth is almost dead.
The tarantella barely misses you. The ghost moth stares at you.
You feel your power leaking away. The ghost moth completely misses you.
The ghost moth hits you but does no damage.
The ghost moth stings you but does no damage.
You hit the ghost moth.
The ghost moth is almost dead.
The tarantella touches you but does no damage. x2
Okay, then.
You hit the ghost moth.
The ghost moth is almost dead.
The ghost moth stares at you.
You feel your power leaking away.
The ghost moth hits you but does no damage.
The ghost moth hits you!
* * * LOW HITPOINT WARNING * * *
You feel weakened.
You have lost your strength.
The ghost moth stings you but does no damage.
You feel sluggish.
The tarantella touches you but does no damage.
The ghost moth hits you but does no damage.
The ghost moth hits you!
* * * LOW HITPOINT WARNING * * *
The ghost moth barely misses you.
The tarantella touches you but does no damage.
The ghost moth stares at you.
You feel your power leaking away. The ghost moth hits you!
* * * LOW HITPOINT WARNING * * *
The ghost moth barely misses you. The ghost moth completely misses you.
The tarantella touches you but does no damage.
The ghost moth hits you but does no damage. x2
The ghost moth stings you but does no damage.
The tarantella touches you!
You die...
Your body crumbles into a pile of gold.

*#####***,,,##~...#
~#.^~##^,,,,#~~...#
~#~.~~~,,,*,#~~~^##
~#~~~~~~,,^,#~~~~.#
~~~~~~~~~,,,#.~~~.#
##~~~########.~#~~#
~~~~~~~~..$.$^.~~~#
~#~~~$~~.#^$h$9s.^#
~~~~~#~..^.$.^.y♣.#
~~~...^....$)....##
^......^....^#....#
###################


You could see a ghost moth (invisible), a tarantella, a friendly guardian golem
(summoned) and a friendly wolf (summoned, sheltered).

Vanquished Creatures
  An emperor scorpion (Spider:4)
  3 ghost moths
  A spark wasp (Spider:4)
  An ice dragon (D:15)
  Erica (D:8)
  3 pharaoh ants (Spider:4)
  A sun moth (Spider:2)
  2 steelbarb worms
  A swamp dragon (Lair:1)
  2 orb spiders
  An orc knight (Orc:2)
  An orc sorcerer (Orc:1)
  2 moths of wrath
  3 wolf spiders
  An elephant (Lair:1)
  An ice statue (IceCv)
  A torpor snail (Spider:2)
  4 demonic crawlers
  A freezing wraith (IceCv)
  2 trolls
  A blink frog (Lair:1)
  10 tarantellas
  A slime creature (D:12)
  6 jumping spiders
  4 culicivoras
  A dire elephant simulacrum (IceCv)
  A wyvern (D:11)
  9 redbacks
  8 orc warriors
  5 centaurs
  A bullfrog (D:6)
  A cane toad simulacrum (IceCv)
  A scorpion (D:5)
  A two-headed ogre simulacrum (IceCv)
  2 howler monkeys (D:13)
  4 electric eels
  A bullfrog zombie (D:7)
  A centaur zombie (D:7)
  3 orc priests
  An iguana (D:7)
  8 orc wizards
  2 polar bear simulacra (IceCv)
  A spriggan simulacrum (IceCv)
  2 troll simulacra (IceCv)
  A gnoll (D:12)
  A naga simulacrum (IceCv)
  2 white imps (IceCv)
  An ufetubus (IceCv)
  A worm (D:2)
  39 orcs
  A giant cockroach (D:1)
  A hobgoblin (D:1)
  A jackal (D:1)
  A kobold (D:8)
  2 quokkas
  A ball python (D:1)
  7 bats
  A goblin (D:2)
  A rat (D:2)
169 creatures vanquished.

Vanquished Creatures (collateral kills)
  Kirke (D:13)
  2 emperor scorpions
  A reaper (IceCv)
  Snorg (D:12)
  2 fire dragons
  2 boulder beetles (D:14)
  An ice dragon (shapeshifter) (D:13)
  3 hydras
  3 centaur warriors
  An ogre mage (D:14)
  3 two-headed ogres
  A dancing weapon (D:7)
  A tengu warrior (D:15)
  An orc high priest (Orc:2)
  Nergalle (Lair:1)
  Sonja (Orc:1)
  4 pharaoh ants
  2 steelbarb worms
  An orb spider (Spider:2)
  A lindwurm (Lair:5)
  2 orc knights
  The ghost of GigaChad the Cleaver, a novice MiFi of Trog (D:7)
  A deep elf pyromancer (D:14)
  4 wolf spiders
  A lindwurm (shapeshifter) (D:15)
  7 ugly things
  6 orc sorcerers
  4 cyclopes
  A moth of wrath (Spider:2)
  A manticore (D:15)
  7 elephants
  A torpor snail (Spider:2)
  6 black mambas (Lair:5)
  4 cane toads
  2 molten gargoyles (Lair:5)
  A gargoyle (D:14)
  2 demonic crawlers
  5 komodo dragons
  3 yaktaurs (D:15)
  An efreet (D:15)
  A polar bear (Lair:4)
  3 meliai (D:14)
  7 trolls
  A spectral jumping spider (Spider:4)
  8 tarantellas
  A slime creature (D:12)
  A tarantella zombie (Spider:4)
  7 blink frogs
  7 dream sheep
  A snapping turtle (Lair:2)
  7 jumping spiders
  A shadow (D:12)
  A wraith (D:12)
  3 culicivoras
  11 yaks
  6 wyverns
  2 basilisks (Lair:5)
  4 hogs (D:13)
  A vampire (D:9)
  2 steam dragons (Lair:5)
  3 vampire mosquitoes
  23 redbacks
  A warg (Orc:2)
  4 water moccasins
  5 hell hounds (Lair:5)
  An ice beast (D:5)
  20 orc warriors
  A sky beast (D:6)
  A black bear (Lair:4)
  5 ogres
  6 wolves (Lair:4)
  7 centaurs
  A scorpion (D:6)
  5 bullfrogs
  A gnoll sergeant (D:12)
  2 two-headed ogre simulacra (IceCv)
  4 water moccasin zombies (Ossuary)
  A wight (D:6)
  An elephant simulacrum (IceCv)
  A vampire bat (Orc:1)
  A howler monkey (D:9)
  An electric eel (Lair:1)
  4 lava snakes (Lair:5)
  2 hounds (D:7)
  A jelly (D:6)
  20 orc priests
  Natasha (thrice) (D:2)
  2 iguanas
  25 orc wizards
  A troll simulacrum (IceCv)
  A hell rat (Lair:2)
  A spriggan simulacrum (IceCv)
  2 wolf simulacra (IceCv)
  A killer bee zombie (D:7)
  A mummy (Ossuary)
  7 gnolls
  A naga simulacrum (IceCv)
  7 adders
  3 white imps
  3 ufetubi (IceCv)
  8 adder zombies (Ossuary)
  2 worms
  A dart slug (D:3)
  69 orcs
  8 bats
  3 endoplasms
  6 giant cockroaches
  9 goblins
  5 hobgoblins
  9 jackals
  13 kobolds
  3 quokkas
  4 ball pythons
  4 frilled lizards
  3 gnoll zombies (Ossuary)
  5 hobgoblin zombies (Ossuary)
  4 kobold zombies (Ossuary)
  4 orc zombies (Ossuary)
  4 rats
512 creatures vanquished.

Vanquished Creatures (others)
  2 entropy weavers
  3 spark wasps (Spider:4)
  A boulder beetle (D:12)
  Erolcha (D:9)
  3 hydras
  A two-headed ogre (D:12)
  A centaur warrior (D:14)
  3 death yaks (Lair:3)
  A tengu warrior (D:15)
  A pharaoh ant (Spider:1)
  A deep troll (shapeshifter) (D:15)
  An orc knight (Orc:1)
  A wolf spider (Spider:4)
  An oklob plant (D:11)
  2 ugly things
  3 cyclopes
  A manticore (D:15)
  5 elephants
  3 cane toads
  Maggie (D:8)
  3 gargoyles
  4 ice devils
  A yaktaur (D:15)
  3 komodo dragons
  3 trolls
  A polar bear (Lair:4)
  A hornet (D:9)
  A spectral jumping spider (Spider:4)
  2 slime creatures (D:12)
  2 blink frogs (Lair:4)
  A jumping spider (Spider:4)
  A wraith (D:10)
  A shadow (D:10)
  10 yaks
  4 redbacks
  15 dancing weapons
  A redback simulacrum (D:15)
  A warg (D:15)
  2 water moccasins
  2 black bears (D:6)
  3 orc warriors
  An ice beast (D:7)
  3 wolves (Lair:4)
  A centaur (D:11)
  A kobold brigand (D:8)
  A bullfrog (D:7)
  A gnoll sergeant (D:6)
  2 cane toad simulacra (IceCv)
  A water moccasin zombie (Ossuary)
  3 wights (D:7)
  7 two-headed ogre simulacra (IceCv)
  3 killer bees (D:8)
  A lava snake (Lair:5)
  A jelly (D:4)
  An orc priest (D:7)
  An iguana (D:5)
  5 hell rats (Lair:2)
  An orc wizard (D:8)
  A troll simulacrum (IceCv)
  2 spriggan simulacra (IceCv)
  A mummy (Ossuary)
  6 gnolls
  2 naga simulacra (IceCv)
  2 white imps (D:7)
  5 orcs
  An endoplasm (D:4)
  A kobold (D:8)
  A bush (Lair:5)
  33 fungi
  54 plants
241 creatures vanquished.

Grand Total: 922 creatures vanquished

Notes
Turn   | Place    | Note
-------+----------+-------------------------------------------
     0 | D:1      | croobank the Felid Summoner began the quest for the Orb.
     0 | D:1      | Reached XP level 1. HP: 7/7 MP: 4/4
     6 | D:1      | Noticed a hound
     6 | D:1      | Noticed a swamp worm
     6 | D:1      | Noticed a water moccasin
     7 | D:1      | Noticed a komodo dragon
     7 | D:1      | Noticed a six-headed hydra
   475 | D:1      | Reached skill level 3 in Dodging
   559 | D:1      | Reached XP level 2. HP: 11/11 MP: 1/6
   562 | D:1      | Learned a level 2 spell: Call Imp
   782 | D:1      | Found a faded altar of an unknown god.
  1520 | D:1      | Reached XP level 3. HP: 12/14 MP: 4/7
  1852 | D:2      | Learned a level 3 spell: Call Canine Familiar
  2148 | D:2      | Noticed Natasha
  2168 | D:2      | Killed Natasha
  2169 | D:2      | Reached XP level 4. HP: 18/18 MP: 1/9
  2399 | D:2      | Reached skill level 1 in Fighting
  2488 | D:2      | Noticed Natasha
  2493 | D:2      | Killed Natasha
  2494 | D:2      | Reached skill level 4 in Dodging
  2553 | D:2      | Noticed Natasha
  2566 | D:2      | Killed Natasha
  2567 | D:2      | Reached XP level 5. HP: 22/22 MP: 3/10
  3880 | D:4      | Found a sand-covered staircase.
  3886 | Ossuary  | Entered an ossuary
  3908 | Ossuary  | Learned a level 3 spell: Summon Guardian Golem
  4001 | Ossuary  | Reached skill level 1 in Hexes
  4001 | Ossuary  | Gained mutation: You are covered in thick fur. (AC +2)
                  | [Felid growth]
  4001 | Ossuary  | Reached XP level 6. HP: 27/27 MP: 7/12
  4007 | Ossuary  | Reached skill level 5 in Summonings
  4219 | Ossuary  | Reached skill level 5 in Dodging
  4236 | Ossuary  | Reached XP level 7. HP: 31/31 MP: 7/13
  4747 | D:4      | Identified the +1 scale mail of Lifelessness {*Slow rF+
                  | Will+++ Dex+4}
  5111 | D:5      | Entered Level 5 of the Dungeon
  5119 | D:5      | Learned a level 3 spell: Tukima's Dance
  6013 | D:5      | Found a stormy altar of Qazlal.
  6292 | D:5      | Reached skill level 5 in Hexes
  6466 | D:6      | Found Sack's Antique Weapon Shoppe.
  6851 | D:6      | Reached skill level 6 in Dodging
  6938 | D:6      | Reached XP level 8. HP: 36/36 MP: 10/15
  7106 | D:6      | Reached skill level 5 in Fighting
  8176 | D:7      | Identified the +6 quarterstaff "Woares Xent" {elec, rPois
                  | rCorr Int-5}
  8208 | D:7      | Reached skill level 5 in Spellcasting
  8552 | D:7      | Reached skill level 7 in Dodging
  9531 | D:7      | Reached XP level 9. HP: 43/43 MP: 13/18
  9718 | D:7      | Learned a level 4 spell: Summon Lightning Spire
  9756 | D:7      | Found a runed translucent door.
  9756 | D:7      | Found a shimmering altar of Xom.
  9756 | D:7      | Noticed GigaChad's ghost (novice MiFi)
  9757 | D:7      | Noticed a +0 spear of chaos
 10156 | D:7      | Found a blossoming altar of Fedhas.
 10167 | D:7      | Found a hide-covered altar of Uskayaw.
 10167 | D:7      | Found an iron altar of Okawaru.
 10167 | D:7      | Found a hazy altar of Hepliaklqana.
 10180 | D:7      | Found a staircase to the Ecumenical Temple.
 10230 | Temple   | Entered the Ecumenical Temple
 10257 | Temple   | Became a worshipper of Gozag Ym Sagoz the Greedy
 10571 | D:8      | Reached skill level 8 in Dodging
 10571 | D:8      | Reached skill level 1 in Air Magic
 10584 | D:8      | Noticed Erica
 10655 | D:8      | Killed Erica
 10841 | D:8      | Noticed Maggie
 11362 | D:8      | Your ally Maggie died
 11978 | D:9      | Learned a level 3 spell: Swiftness
 11986 | D:9      | Reached skill level 9 in Dodging
 12061 | D:9      | Noticed Erolcha
 12076 | D:9      | HP: 2/45 [poisoned by a hornet]
 12082 | D:9      | Killed Erolcha
 12083 | D:9      | Reached XP level 10. HP: 22/49 MP: 17/21
 12091 | D:9      | Found a white marble altar of Elyvilon.
 12435 | D:9      | Noticed a two-headed ogre
 12485 | D:9      | Killed a two-headed ogre
 12665 | D:9      | Noticed a cyclops
 12682 | D:9      | Killed a cyclops
 12840 | D:10     | Entered Level 10 of the Dungeon
 12874 | D:10     | Reached skill level 10 in Dodging
 13235 | D:10     | Reached skill level 10 in Fighting
 13488 | D:10     | Found a shimmering blue altar of Sif Muna.
 13796 | D:10     | Found a sparkling altar of Nemelex Xobeh.
 13796 | D:10     | Found a transporter.
 13796 | D:10     | Noticed an ettin
 13797 | D:10     | Noticed a centaur warrior
 13822 | D:10     | Reached XP level 11. HP: 55/55 MP: 19/23
 14181 | D:10     | Reached skill level 5 in Air Magic
 14275 | D:10     | Found an ancient bone altar of Kikubaaqudgha.
 14391 | D:10     | Found a staircase to the Orcish Mines.
 15100 | D:11     | Noticed a purple ugly thing
 15112 | D:11     | Killed a purple ugly thing
 15113 | D:11     | Reached skill level 11 in Dodging
 15232 | D:11     | Noticed an oklob plant
 15706 | D:11     | Found a staircase to the Lair.
 16204 | D:11     | Noticed a seven-headed hydra
 16217 | D:11     | Killed a seven-headed hydra
 16841 | D:11     | Killed an oklob plant
 17035 | D:12     | Noticed a boulder beetle
 17064 | Lair:1   | Entered Level 1 of the Lair of Beasts
 17268 | Lair:1   | Noticed Nergalle
 17491 | Lair:1   | Noticed a swamp dragon
 17510 | Lair:1   | Bought a ring of protection from cold for 375 gold pieces
 17510 | Lair:1   | Bought a ring of poison resistance for 300 gold pieces
 18232 | Lair:2   | Identified the +1 chain mail of the Armadillo {rF+ Will+
                  | Str-4}
 18278 | Lair:2   | Identified the +6 quarterstaff "Goblin's Nightmare"
                  | {vorpal, rC+ rN++ Dex-2}
 18575 | Lair:2   | Reached skill level 12 in Dodging
 18594 | Lair:2   | Reached skill level 10 in Summonings
 18594 | Lair:2   | Gained mutation: Your thick and shaggy fur keeps you warm.
                  | (AC +3, rC+) [Felid growth]
 18594 | Lair:2   | Reached XP level 12. HP: 61/61 MP: 6/25
 18856 | Lair:2   | Learned a level 3 spell: Mephitic Cloud
 18860 | Lair:2   | Learned a level 3 spell: Ignite Poison
 19188 | Lair:2   | Found a staircase to the Shoals.
 19466 | Lair:1   | Killed Nergalle
 20363 | Lair:3   | Noticed a death yak
 20371 | Lair:3   | Noticed a death yak
 20371 | Lair:3   | Noticed a death yak
 20374 | Lair:3   | Killed a death yak
 20375 | Lair:3   | Reached skill level 13 in Dodging
 20383 | Lair:3   | Killed a death yak
 20383 | Lair:3   | Killed a death yak
 20873 | Lair:3   | Found a hole to the Spider Nest.
 22123 | Lair:4   | Found a frozen archway.
 22198 | IceCv    | Entered an ice cave
 22720 | IceCv    | Reached skill level 10 in Spellcasting
 24457 | IceCv    | Reached skill level 14 in Dodging
 24979 | IceCv    | Noticed a reaper
 25020 | IceCv    | Killed a reaper
 25030 | IceCv    | Reached XP level 13. HP: 66/66 MP: 11/28
 25271 | IceCv    | Identified the +9 rapier of Abomination {freeze, rN++
                  | Dex-5}
 25896 | Lair:4   | Found a staircase to the Slime Pits.
 25917 | Lair:4   | Reached skill level 1 in Translocations
 25923 | Lair:4   | Reached skill level 1 in Transmutations
 26599 | Lair:5   | Entered Level 5 of the Lair of Beasts
 26777 | Lair:5   | Reached skill level 15 in Dodging
 27228 | Lair:5   | Killed from afar by a molten gargoyle
 27229 | Lair:5   | Reached XP level 12. HP: -1/64 MP: 6/27
 27668 | Lair:5   | Reached skill level 5 in Translocations
 27749 | Lair:5   | Noticed an eight-headed hydra
 27773 | Lair:5   | Killed an eight-headed hydra
 28011 | Lair:5   | Found a large runed translucent door.
 28011 | Lair:5   | Found a large runed translucent door.
 28160 | Lair:5   | Noticed a fire dragon
 28361 | Lair:5   | Found a glowing silver altar of Zin.
 28737 | Lair:5   | Learned a level 4 spell: Iskenderun's Mystic Blast
 28755 | Lair:5   | Killed a fire dragon
 29310 | D:12     | Killed a boulder beetle
 29311 | D:12     | Reached XP level 13. HP: 10/68 MP: 18/28
 29320 | D:12     | Reached skill level 5 in Transmutations
 29325 | D:12     | Noticed Snorg
 29363 | D:12     | Killed Snorg
 32004 | D:13     | Reached skill level 16 in Dodging
 32049 | D:13     | Noticed Kirke
 32293 | D:13     | Killed Kirke
 33283 | D:13     | Noticed a broodmother
 33283 | D:13     | a satyr changed into a broodmother
 33290 | D:13     | a broodmother changed into a tyrant leech
 33818 | Orc:1    | Entered Level 1 of the Orcish Mines
 33824 | Orc:1    | Noticed Sonja
 33832 | Orc:1    | Killed Sonja
 34360 | Orc:2    | Entered Level 2 of the Orcish Mines
 34360 | Orc:2    | Found a staircase to the Elven Halls.
 35801 | Orc:2    | HP: 2/68 [orc priest/divine providence (9)]
 35803 | Orc:2    | Slain by an orc warrior
 35804 | Orc:2    | Reached XP level 12. HP: -4/64 MP: 21/27
 35830 | Orc:2    | Reached skill level 15 in Fighting
 35873 | Orc:2    | Found a runed translucent door.
 35875 | Orc:2    | Found a shimmering altar of Xom.
 35875 | Orc:2    | Noticed zeram's ghost (journeyman SpBr)
 37400 | Orc:2    | Reached XP level 13. HP: 43/69 MP: 6/28
 37603 | Orc:2    | Found Qeosas's Book Boutique.
 37604 | Orc:2    | Found Juteulao's Magic Scroll Shop.
 37605 | Orc:2    | Found Qorev's Assorted Antiques.
 37611 | Orc:2    | Found Icegopt's Antique Armour Boutique.
 37638 | Orc:2    | Bought a book of Geomancy for 252 gold pieces
 37638 | Orc:2    | Bought a book of Spatial Translocations for 364 gold pieces
 37646 | Orc:2    | Bought a scroll labelled ZOHETHR PILOY for 22 gold pieces
 37646 | Orc:2    | Bought a scroll of teleportation for 66 gold pieces
 37648 | Orc:2    | Bought a scroll of teleportation for 48 gold pieces
 37648 | Orc:2    | Bought a scroll of teleportation for 48 gold pieces
 37648 | Orc:2    | Bought a scroll of immolation for 64 gold pieces
 37648 | Orc:2    | Bought a scroll of magic mapping for 120 gold pieces
 37648 | Orc:2    | Bought a scroll of identify for 32 gold pieces
 37648 | Orc:2    | Bought a scroll of identify for 32 gold pieces
 37915 | Orc:2    | Acquired the amulet "Wech" {RegenMP rElec Int-5 Dex+6
                  | Stlth+}
 38185 | D:13     | HP: 1/68 [shot self (22)]
 38473 | D:14     | Identified the +0 robe of Fuvusmal {Str+2}
 39008 | D:14     | Reached skill level 10 in Translocations
 39010 | D:14     | Reached skill level 17 in Dodging
 39246 | D:14     | Found a gate to the Vaults.
 39285 | D:14     | Learned a level 2 spell: Blink
 39455 | D:14     | Found a broken altar of Ashenzari.
 40038 | D:15     | Entered Level 15 of the Dungeon
 40765 | D:15     | Noticed a fire dragon
 40800 | D:15     | Killed a fire dragon
 41899 | D:15     | Reached XP level 14. HP: 73/73 MP: 30/30
 41989 | D:15     | Identified the +8 war axe "Kuclevom" {freeze, +Blink Will+}
 42545 | D:15     | Found a glowing golden altar of the Shining One.
 42706 | D:15     | Found a staircase to the Depths.
 43038 | D:7      | Killed GigaChad's ghost
 43630 | Spider:1 | Entered Level 1 of the Spider Nest
 43974 | Spider:1 | Learned a level 3 spell: Stone Arrow
 44145 | Spider:1 | Reached skill level 1 in Conjurations
 44157 | Spider:1 | Reached skill level 1 in Earth Magic
 44680 | Spider:1 | Noticed a ghost moth
 44683 | Spider:1 | Bought the Parchment of the Gathered Barrage for 384 gold
                  | pieces
 44685 | Spider:1 | Bought a Fen Folio for 798 gold pieces
 44704 | Spider:1 | Killed a ghost moth
 48315 | Spider:2 | Reached skill level 18 in Dodging
 49151 | Spider:3 | Noticed an emperor scorpion
 49170 | Spider:3 | Killed an emperor scorpion
 49435 | Spider:3 | Blown up by an orb spider
 49436 | Spider:3 | Reached XP level 13. HP: -22/69 MP: 23/29
 50201 | Spider:4 | Entered Level 4 of the Spider Nest
 50229 | Spider:4 | Noticed a spark wasp
 50632 | Spider:4 | Reached skill level 10 in Transmutations
 50647 | Spider:4 | Killed a spark wasp
 50648 | Spider:4 | Reached XP level 14. HP: 73/73 MP: 24/30
 51472 | Spider:4 | Noticed an emperor scorpion
 51493 | Spider:4 | Killed an emperor scorpion
 51657 | Spider:4 | Noticed a ghost moth
 51672 | Spider:4 | Killed a ghost moth
 52489 | Spider:4 | Noticed a ghost moth
 52774 | Spider:4 | Killed a ghost moth
 52796 | Spider:4 | Noticed an emperor scorpion
 52844 | Spider:4 | Killed an emperor scorpion
 53422 | Spider:4 | Noticed a ghost moth
 53454 | Spider:4 | Lost strength.
 53456 | Spider:4 | HP: 1/163 [ghost moth (9)]
 53457 | Spider:4 | Mangled by a tarantella

Illustrated notes

Levels and vault maps discovered:
D:1:      onia_arrival_zoo_common, layout_basic,
          hellmonk_ecumenical_altar_leap_of_faith, serial_bayou_pond_d,
          minmay_tromino_v7
D:2:      kennysheep_big_flooded_room, layout_rooms, grunt_decor_clamped,
          uniq_natasha
D:3:      layout_basic
D:4:      layout_cave_pools, nicolae_ossuary_entry_plus, chequers_avenue
D:5:      lemuel_ice_spiral_2, layout_basic, mainiacjoe_overflow_alcove_4
D:6:      layout_loops_ring, serial_shops, shop_fountains, bh_walls_and_bars
D:7:      layout_cave_pools, chequers_temple_overflow_statue_of_worship,
          minmay_temple_entry_wispy, ebering_ghost_xom, serial_undead,
          serial_undead_d, serial_undead_f, serial_undead_c, serial_undead_f
D:8:      layout_cave_pods, uniq_maggie, uniq_erica
D:9:      layout_roguey, mainiacjoe_overflow_paths,
          chequers_serial_rivers_small_a, grunt_decor_fettered, uniq_erolcha
D:10:     layout_basic, grunt_nemelex_the_gamble,
          nicolae_overflow_crystal_walls, mainiacjoe_overflow_small_starburst,
          hiddenorc1_lemuel
D:11:     layout_irregular_city, dpeg_oklobed_lair, chequers_decorated_corner,
          kennysheep_small_spiral, nicolae_titane
D:12:     layout_rooms, uniq_snorg
D:13:     layout_stronghold, uniq_kirke
D:14:     layout_roguey, david_vaults_2, evilmike_ruin_ashenzari
D:15:     grunt_enter_depths_hoard, layout_cross, nicolae_tso_carved_into_rock
Temple:   nicolae_temple_god_jail
Lair:1:   layout_misc_corridors, nicolae_quartered_pool_super, pond,
          uniq_nergalle
Lair:2:   layout_concentric_octagons, minmay_shoals_entry_hut, lemuel_fruit_tree
Lair:3:   layout_layer_cave, spider_nest_entry_webs, grunt_megastairs_3
Lair:4:   layout_loops_ring, slime_entry_1, portal_ice_cave_demonic_guard,
          serial_bayou_pond_e, infiniplex_staircase_pool
Lair:5:   cheibrodos_lair_end_hotspot, layout_long_grid, basic_altar,
          st_stairs_7, lemuel_fruit_fields
Spider:1: layout_chambers, nicolae_spider_checkerboard
Spider:2: layout_spider_delve
Spider:3: layout_spider_delve
Spider:4: floodkiller_spider_rune_tomb
Orc:1:    layout_caves, roderic_batcave, guppyfry_library_mini, uniq_sonja
Orc:2:    st_orc_mages, layout_caves, ebering_ghost_xom

Skill      XL: |  1  2  3  4  5  6  7  8  9 10 11 12 13 14 |
---------------+-------------------------------------------+-----
Stealth        | 3 |  3.4
Dodging        | 3 4 5 6 7 9 10 12 14 17 18 | 18.7
Fighting       | 1 2 3 4 7 9 10 12 15 14 | 15.0
Spellcasting   | 3 4 5 6 7 8 10 11 12 | 12.0
Hexes          | 1 3 5 |  5.0
Summonings     | 5 6 8 10 | 10.0
Air Magic      | 3 4 6 7 |  7.0
Translocations | 9 11 13 | 13.5
Transmutations | 7 10 9 | 10.6
Conjurations   | 3 |  3.1
Earth Magic    | 3 |  3.0

Action                   |  1- 3 |  4- 6 |  7- 9 | 10-12 | 13-15 || total
-------------------------+-------+-------+-------+-------+-------++-------
Melee: Unarmed           |    26 |    26 |   114 |   163 |   102 ||   431
       Bite              |     2 |     5 |    17 |    26 |    10 ||    60
       Punch             |       |       |     1 |     1 |       ||     2
 Cast: Summon Small Mamm |    37 |    20 |    60 |    17 |    11 ||   145
       Call Imp          |    15 |    14 |    20 |    11 |     9 ||    69
       Call Canine Famil |     6 |    19 |    42 |    44 |    59 ||   170
       Summon Guardian G |       |     3 |    41 |    86 |   126 ||   256
       Summon Lightning  |       |       |     4 |   122 |   169 ||   295
       Tukima's Dance    |       |       |     2 |    34 |    22 ||    58
       Swiftness         |       |       |     1 |     5 |    30 ||    36
       Mephitic Cloud    |       |       |       |    32 |    17 ||    49
       Ignite Poison     |       |       |       |    20 |    15 ||    35
       Iskenderun's Myst |       |       |       |     5 |   117 ||   122
       Stone Arrow       |       |       |       |       |    81 ||    81
       Blink             |       |       |       |       |     4 ||     4
Invok: Call Merchant     |       |       |       |     1 |     2 ||     3
       Potion Petition   |       |       |       |       |     6 ||     6
Evoke: Wand              |       |       |    18 |    16 |    36 ||    70
       Condenser vane    |       |       |       |     1 |     1 ||     2
       Tin of tremorston |       |       |       |       |     3 ||     3
       Phantom mirror    |       |       |       |       |     2 ||     2
  Use: Scroll            |       |    10 |     9 |     9 |    15 ||    43
       Potion            |       |     2 |     5 |     4 |    16 ||    27
 Stab: Sleeping          |     5 |     3 |     9 |     2 |     1 ||    20
       Distracted        |     1 |       |     1 |     3 |     1 ||     6
Armor: Skin              |     8 |     3 |    24 |    33 |    68 ||   136
Dodge: Dodged            |    49 |    32 |   200 |   449 |   687 ||  1417
